 Dungeon Crawl Stone Soup version 0.28.0-53-g5a82cb258f (webtiles) character file.

Game seed: 13108435511822979298

19042 cbfl8 the Cleaver (level 12, -7/110 HPs)
             Began as a Minotaur Berserker on July 27, 2022.
             Was an Elder of Trog.
             Shot with an arrow by a centaur warrior (14 damage)
             ... on level 12 of the Dungeon.
             The game lasted 00:18:46 (16624 turns).

cbfl8 the Cleaver (Minotaur Berserker)             Turns: 16624, Time: 00:18:47

Health: -7/110     AC: 19    Str: 28    XL:     12   Next: 33%
Magic:  11/11      EV: 13    Int:  4    God:    Trog [****..]
Gold:   660        SH:  0    Dex: 21    Spells: 11/11 levels left

rFire   . . .      SeeInvis .   e - +0 battleaxe
rCold   . . .      Faith    .   (shield currently unavailable)
rNeg    . . .      Spirit   .   g - +0 plate armour
rPois   .          Reflect  .   (helmet restricted)
rElec   .          Harm     .   j - scarf {shadows}
rCorr   .          Rampage  .   H - +2 pair of gloves
Will    ++...                   D - +0 pair of boots
Stlth   ..........              (no amulet)
HPRegen 1.28/turn               w - +6 ring of dexterity
MPRegen 0.12/turn               r - +6 ring of strength

@: strong-willed, on berserk cooldown, regenerating, slowed, very slow
A: horns 2, retaliatory headbutt
a: Renounce Religion, Berserk, Trog's Hand, Brothers in Arms


You were on level 12 of the Dungeon.
You worshipped Trog.
Trog was greatly pleased with you.
You visited 1 branch of the dungeon, and saw 12 of its levels.

You collected 660 gold pieces.

Inventory:

Hand Weapons
 a - a +0 hand axe
 e - a +0 battleaxe (weapon)
Missiles
 y - a throwing net
Armour
 g - a +0 plate armour (worn)
 j - a scarf of shadows (worn)
 q - a +0 chain mail
 B - a +0 cloak
 D - a +0 pair of boots (worn)
 H - a +2 pair of gloves (worn)
 O - an orb of light
Jewellery
 l - a ring of protection from fire
 r - a +6 ring of strength (right hand)
 w - a +6 ring of dexterity (left hand)
 R - a +6 ring of dexterity
Wands
 n - a wand of flame (34) (quivered)
 J - a wand of digging (6)
 L - a wand of acid (11)
 P - a wand of mindburst (6)
 Q - a wand of charming (4)
Scrolls
 b - 2 scrolls of immolation {unknown}
 d - 6 scrolls of teleportation
 f - a scroll of holy word {unknown}
 k - a scroll of noise {unknown}
 m - a scroll of blinking
 o - a scroll of brand weapon {unknown}
 t - 2 scrolls of amnesia {unknown}
 u - a scroll of fear {unknown}
 z - 2 scrolls of vulnerability
 A - a scroll of silence {unknown}
 C - 3 scrolls of magic mapping
 F - a scroll of enchant weapon {unknown}
 K - a scroll of enchant armour {unknown}
 M - 2 scrolls of fog {unknown}
 N - a scroll of summoning {unknown}
Potions
 c - 3 potions of curing
 h - 6 potions of mutation
 i - 3 potions of attraction
 p - 2 potions of cancellation {unknown}
 s - 5 potions of ambrosia
 v - 3 potions of magic {unknown}
 x - 2 potions of haste {unknown}
 E - a potion of berserk rage {unknown}
 G - a potion of invisibility {unknown}
 I - a potion of degeneration {unknown}


   Skills:
 * Level 11.6 Fighting
 + Level 13.1 Axes
 + Level 10.0 Armour
 * Level 8.4 Dodging
 * Level 6.8 Stealth
 * Level 6.6 Evocations


You had 11 spell levels left.
You didn't know any spells.
Your spell library was empty.

Dungeon Overview and Level Annotations

Branches:
Dungeon (12/15)            Temple (0/1) D:4            Lair (0/6) D:8
    Orc (0/2) D:11

Altars:
Ashenzari
Dithmenos
Hepliaklqana
Kikubaaqudgha
Ru
Sif Muna
Vehumet
Yredelemnul
Beogh

Shops:
D:8 [

Annotations:
D:8 2 transporters, turdburglar's ghost, novice DsFi


Innate Abilities, Weirdness & Mutations

You have a pair of horns on your head.
You reflexively headbutt those who attack you in melee.


Message History

* * * LOW HITPOINT WARNING * * *
Reactivating autopickup.
Your Armour skill increases to level 10!
You closely miss the shadow. Your headbutt misses the shadow.
The shadow is severely damaged.
The floating eye gazes piercingly through you!
You shrug off the repeated paralysis!
Unknown command.
You slice the shadow!!
You feel the power of Trog in you as your rage grows.
You destroy the shadow!
Trog accepts your kill.
The centaur warrior shoots an arrow.
The arrow hits you.
* * * LOW HITPOINT WARNING * * *
x2 Unknown command.
You are too berserk!
The centaur warrior shoots an arrow.
The arrow completely misses you.
There is an open door here.
You feel a strong urge to attack something.
The floating eye's view fixates on you.
You slam the door shut with a bang!
You hear a shout! x9
You feel your anger nearly subside.
You are no longer berserk.
You are exhausted.
You feel yourself slow down.
A centaur warrior comes into view.
A centaur warrior breaks down the door.
The centaur warrior shoots an arrow.
The arrow closely misses you.
The centaur warrior shoots an arrow.
The arrow hits you!
* * * LOW HITPOINT WARNING * * *
x2 The centaur warrior wields a +0 shortbow.
The centaur warrior shoots an arrow.
The arrow hits you.
* * * LOW HITPOINT WARNING * * *
An orc and a centaur come into view.
The orc is wielding a +1 war axe of draining.
The orc shouts!
You hear a shout!
The centaur wields a +0 shortbow.
The centaur shoots an arrow.
The arrow hits you but does no damage.
The centaur warrior shoots an arrow.
The arrow misses you.
The centaur shoots an arrow.
The arrow barely misses you.
The centaur warrior shoots an arrow.
The arrow hits you!
You die...

.†).............######+##........
####.............#G. #..†...... #
##########...##$# ##.##..... #
#....#G# #......... # #...##y#
##..#..... # ###....#c#
#..##..... #
......##'######........ #
.......#c#.#.#........ #
c.....@............... #
.....................$ #
...................... #
............c......... #
.......######......... # .o.....#
#......... # .####### ......... .


You could see 2 centaur warriors, a centaur and an orc.

Vanquished Creatures
  2 boulder beetles
  3 hydras
  3 two-headed ogres
  An orc knight (D:11)
  An ugly thing (D:11)
  3 unseen horrors
  A troll (D:11)
  A hornet (D:10)
  A meliai zombie (D:11)
  2 slime creatures
  26 yaks
  Eustachio (D:5)
  A shadow (D:12)
  5 wraiths
  Grum (D:10)
  4 vampire mosquitoes (D:10)
  A floating eye (D:12)
  6 orc warriors
  A black bear (D:6)
  An ice beast (D:8)
  2 sky beasts
  2 necrophages
  4 wolves (D:10)
  6 centaurs
  4 ogres
  A kobold brigand (D:8)
  3 bullfrogs
  4 gnoll sergeants
  A wyvern zombie (D:8)
  A water moccasin zombie (D:6)
  A scorpion (D:5)
  16 killer bees
  An electric eel (D:7)
  16 wights
  6 centaur zombies
  2 howler monkeys
  4 bullfrog zombies
  3 hounds
  A bullfrog skeleton (D:6)
  9 orc priests
  Natasha (thrice) (D:4)
  3 iguanas
  4 orc wizards
  A killer bee zombie (D:7)
  A hound skeleton (D:3)
  A howler monkey zombie (D:8)
  15 gnolls
  2 howler monkey skeletons
  5 adders
  2 white imps
  An ufetubus (D:5)
  3 worms
  2 dart slugs (D:4)
  29 orcs
  5 bats
  5 endoplasms
  4 giant cockroaches
  10 goblins
  5 hobgoblins
  A jackal (D:4)
  7 kobolds
  4 quokkas
  4 ball pythons
  3 frilled lizards
  6 rats
278 creatures vanquished.

Notes
Turn   | Place    | Note
-------+----------+-------------------------------------------
     0 | D:1      | cbfl8 the Minotaur Berserker began the quest for the Orb.
     0 | D:1      | Reached XP level 1. HP: 19/19 MP: 0/0
   178 | D:1      | Reached XP level 2. HP: 27/27 MP: 1/1
   206 | D:1      | Found a faded altar of an unknown god.
   209 | D:1      | Reached skill level 4 in Axes
  1051 | D:2      | Reached XP level 3. HP: 28/33 MP: 2/2
  1208 | D:2      | Reached XP level 4. HP: 24/41 MP: 3/3
  1617 | D:2      | Reached ** piety under Trog
  2453 | D:3      | Noticed a necrophage
  2463 | D:3      | Killed a necrophage
  2464 | D:3      | Reached skill level 1 in Stealth
  2464 | D:3      | Reached XP level 5. HP: 39/47 MP: 4/4
  2883 | D:3      | Reached skill level 5 in Axes
  3481 | D:4      | Noticed an ogre
  3486 | D:4      | Killed an ogre
  3487 | D:4      | Reached skill level 5 in Fighting
  3487 | D:4      | Reached XP level 6. HP: 56/56 MP: 5/5
  3632 | D:4      | Found a basalt altar of Yredelemnul.
  3632 | D:4      | Found an ancient bone altar of Kikubaaqudgha.
  3633 | D:4      | Found a shadowy altar of Dithmenos.
  3636 | D:4      | Reached skill level 1 in Evocations
  3642 | D:4      | Found a broken altar of Ashenzari.
  3642 | D:4      | Found a hazy altar of Hepliaklqana.
  3643 | D:4      | Found a radiant altar of Vehumet.
  3730 | D:4      | Noticed Natasha
  3738 | D:4      | Killed Natasha
  4344 | D:4      | Noticed Natasha
  4352 | D:4      | Killed Natasha
  4353 | D:4      | Reached XP level 7. HP: 44/61 MP: 6/6
  4541 | D:4      | Found a staircase to the Ecumenical Temple.
  4616 | D:4      | Noticed Natasha
  4631 | D:4      | Killed Natasha
  4632 | D:4      | Reached skill level 6 in Axes
  4906 | D:4      | Identified the +2 leather armour of the Stallion {rC+}
  4966 | D:5      | Entered Level 5 of the Dungeon
  5259 | D:5      | Reached skill level 5 in Armour
  5530 | D:5      | Reached XP level 8. HP: 67/70 MP: 7/7
  5558 | D:5      | Reached skill level 7 in Axes
  5701 | D:5      | Noticed Eustachio
  5715 | D:5      | Killed Eustachio
  6135 | D:6      | Found a sacrificial altar of Ru.
  6197 | D:6      | Noticed a two-headed ogre
  6207 | D:6      | Killed a two-headed ogre
  6208 | D:6      | Reached skill level 8 in Axes
  6208 | D:6      | Reached skill level 5 in Dodging
  6208 | D:6      | Reached XP level 9. HP: 78/78 MP: 8/8
  6260 | D:6      | Reached *** piety under Trog
  6949 | D:7      | Reached skill level 9 in Axes
  7961 | D:8      | Found a staircase to the Lair.
  8018 | D:8      | Reached XP level 10. HP: 88/88 MP: 9/9
  8191 | D:8      | Found a transporter.
  8340 | D:8      | Reached **** piety under Trog
  8347 | D:8      | Reached skill level 10 in Axes
  8701 | D:8      | Reached skill level 5 in Stealth
  9099 | D:8      | Found a transporter.
  9100 | D:8      | Noticed turdburglar's ghost (novice DsFi)
  9169 | D:8      | Noticed a cyclops
  9225 | D:8      | Found Daniel's Dragon-Slaying Spoils.
  9297 | D:8      | Found a shimmering blue altar of Sif Muna.
  9760 | D:9      | Reached skill level 5 in Evocations
 10376 | D:9      | Reached skill level 11 in Axes
 10719 | D:9      | Noticed a boulder beetle
 10735 | D:9      | HP: 6/135 [boulder beetle (53)]
 10737 | D:10     | Entered Level 10 of the Dungeon
 10742 | D:10     | HP: 1/90 [boulder beetle (19)]
 10749 | D:10     | HP: 4/90 [boulder beetle (17)]
 11238 | D:11     | Reached XP level 11. HP: 70/97 MP: 10/10
 11269 | D:11     | Noticed an orc knight
 11284 | D:11     | Killed an orc knight
 11818 | D:10     | Noticed Grum
 11827 | D:10     | Killed Grum
 11828 | D:10     | Reached skill level 10 in Fighting
 12907 | D:10     | Killed a boulder beetle
 13430 | D:10     | Noticed a two-headed ogre
 13434 | D:10     | Killed a two-headed ogre
 13439 | D:10     | Reached skill level 12 in Axes
 14206 | D:10     | Noticed a seven-headed hydra
 14217 | D:10     | Killed a 12-headed hydra
 15047 | D:11     | Found a staircase to the Orcish Mines.
 15079 | D:11     | Noticed a two-headed ogre
 15086 | D:11     | Killed a two-headed ogre
 15233 | D:11     | Reached XP level 12. HP: 110/110 MP: 11/11
 16313 | D:12     | Noticed a four-headed hydra
 16334 | D:12     | Killed a nine-headed hydra
 16504 | D:12     | Noticed a boulder beetle
 16513 | D:12     | Killed a boulder beetle
 16514 | D:12     | Reached skill level 13 in Axes
 16603 | D:12     | Noticed a seven-headed hydra
 16605 | D:12     | Noticed a centaur warrior
 16611 | D:12     | Paralysed by a floating eye for 2 turns
 16616 | D:12     | Killed a 14-headed hydra
 16617 | D:12     | Reached skill level 10 in Armour
 16622 | D:12     | Noticed a centaur warrior
 16624 | D:12     | Shot with an arrow by a centaur warrior

Illustrated notes

Levels and vault maps discovered:
D:1:      minmay_arrival_split_and_join, layout_basic,
          ebering_ecumenical_altar_webs, kennysheep_crisscross,
          chequers_serial_rivers_micro_c, minmay_small_reverse_x
D:2:      layout_basic
D:3:      minmay_chambers_of_threes, layout_loops_corners,
          grunt_decor_mini_mirrors, chequers_serial_rivers_micro_b,
          chequers_big_river
D:4:      layout_loops_ring, minmay_overflow_temple_hex,
          minmay_temple_entry_tees, nrook_mini_vaults,
          kennysheep_generic_room_16, uniq_natasha
D:5:      layout_basic, uniq_eustachio
D:6:      layout_rooms, old_standard_altar
D:7:      layout_loops_ring, kennysheep_doodads
D:8:      layout_loops_ring, kennysheep_little_box, dpeg_oklobed_lair,
          nzn_ghost_randoct, chequers_serial_rivers_micro_a,
          serial_park_tiny_pond, kennysheep_path_1, nicolae_shop_dragon_depot,
          grunt_decor_resistance
D:9:      layout_loops_corners, lightli_fourway_metalbox
D:10:     layout_loops_cross, kennysheep_generic_room_12, uniq_grum
D:11:     layout_basic, david_orc_5
D:12:     layout_basic, onia_ninara_cookie, uniq_josephine

Skill      XL: |  1  2  3  4  5  6  7  8  9 10 11 12 |
---------------+-------------------------------------+-----
Fighting       | 4 5 6 8 9 11 | 11.6
Axes           | 4 5 6 8 9 11 12 13 | 13.1
Armour         | 3 4 5 6 7 8 9 10 | 10.0
Dodging        | 3 4 5 6 7 8 |  8.4
Stealth        | 1 2 3 4 5 6 |  6.8
Evocations     | 1 2 3 4 5 6 |  6.6

Action                   |  1- 3 |  4- 6 |  7- 9 | 10-12 || total
-------------------------+-------+-------+-------+-------++-------
Melee: Hand axe          |    67 |   100 |   215 |   297 ||   679
       Headbutt          |     5 |    11 |    61 |   116 ||   193
       Punch             |     2 |     1 |       |     3 ||     6
       Battleaxe         |       |       |       |   175 ||   175
Invok: Berserk           |     1 |     2 |     8 |    14 ||    25
       Trog's Hand       |       |       |       |     2 ||     2
Evoke: Wand              |       |       |       |     1 ||     1
  Use: Scroll            |       |       |       |     9 ||     9
       Potion            |       |       |       |     5 ||     5
Armor: Animal skin       |     2 |       |       |       ||     2
       Ring mail         |    24 |    19 |       |       ||    43
       Chain mail        |       |    25 |   107 |   128 ||   260
       Plate armour      |       |       |       |   179 ||   179
Dodge: Dodged            |    42 |    52 |   129 |   291 ||   514
